Map: Base du roi Sejong EC

Players

Worming

  • Race: Zerg Zerg
  • League: Diamond

mumnum - Winner!

  • Race: Zerg Zerg
  • League: Diamond

VOD

Have the link to the VOD?

Description

Time

  • Played on: June 30, 2016, 6:11 a.m.
  • Length: 5:27
Show
View Real Time Build Order
Export as new Build Order

Worming Zerg 

Build Orders: Hatch First 

Get SALT Encoding   

  12  0:01  Drone  
  13  0:12  Overlord  
  13  0:18  Drone  
  14  0:30  Drone x2  
  14  0:34  Drone  
  17  0:52  Hatchery  
  17  0:55  Drone  
  17  1:10  Spawning Pool  
  16  1:12  Drone  
  16  1:16  Extractor  
  16  1:17  Drone  
  17  1:24  Drone  
  18  1:34  Overlord  
  18  1:40  Drone  
  19  1:56  Queen  
  19  1:57  Zergling x2  
  22  2:02  Drone  
  22  2:05  Queen  
  22  2:06  Zergling x2  
  26  2:12  Drone  
  27  2:22  Metabolic Boost  
  27  2:24  Drone x2  
  29  2:31  Drone  
  29  2:35  Queen  
  32  2:40  Baneling Nest  
  32  2:41  Drone  
  32  2:57  Drone x4  
  33  3:14  Drone x2  
  33  3:18  Overlord  
  35  3:25  Evolution Chamber  
  34  3:27  Hatchery  
  34  3:33  Overlord  
  33  3:38  Lair  
  33  3:41  Drone x2  
  33  3:42  Drone  
  36  3:51  Zergling x10  
  41  3:58  Roach Warren  
  40  4:11  Baneling  
  40  4:12  Baneling x3  
  40  4:18  Extractor  
  40  4:21  Spine Crawler  
  38  4:35  Extractor  
  32  4:46  Zergling x4, Roach x2  
  32  4:47  Zergling x12  
Show
View Real Time Build Order
Export as new Build Order

mumnum Zerg - Winner!

Build Orders: Hatch First, Zergling Baneling 

Get SALT Encoding   

  12  0:01  Drone  
  13  0:12  Overlord  
  13  0:17  Drone  
  14  0:30  Drone x2  
  14  0:34  Drone  
  17  0:54  Hatchery  
  17  0:56  Drone  
  17  0:58  Drone  
  18  1:12  Spawning Pool  
  18  1:15  Drone  
  18  1:20  Drone, Extractor  
  18  1:28  Drone  
  19  1:38  Overlord  
  19  1:50  Drone  
  20  1:59  Queen  
  20  2:00  Zergling x2  
  23  2:06  Queen  
  23  2:08  Drone  
  26  2:11  Drone  
  27  2:16  Drone  
  27  2:21  Metabolic Boost  
  29  2:22  Drone  
  29  2:27  Drone  
  30  2:32  Drone, Spine Crawler  
  30  2:38  Drone  
  30  2:42  Overlord  
  31  2:48  Drone  
  31  3:09  Baneling Nest  
  29  3:19  Queen  
  31  3:23  Overlord, Spine Crawler  
  31  3:24  Drone x3  
  31  3:25  Zergling x2  
  31  3:26  Zergling x10  
  39  3:31  Drone  
  40  4:02  Baneling x2  
  40  4:03  Baneling  
  39  4:10  Zergling x2  
  39  4:11  Zergling x16  
  48  4:17  Overlord  
  48  4:21  Baneling x7  
  48  4:22  Baneling  
  48  4:26  Zergling x6  
  51  4:32  Overlord x2  
  50  4:42  Zergling x2  
  50  4:43  Zergling x6  
  52  4:54  Zergling x10  
  54  5:26  Roach Warren  
Tags
 
Add a new tag
Caveats
  • Supply blocks, unpowered buildings, or Contaminate may cause inaccurate times.
  • Supply counts are checked every 10 seconds.